 Dungeon Crawl Stone Soup version 0.19.0 (webtiles) character file.

8757 PrincessPwny the Spear-Bearer (level 11, -3/154 (156) HPs)
             Began as a Troll Berserker on Nov 7, 2016.
             Was a High Priest of Trog.
             Slain by a killer bee (5 damage)
             ... on level 10 of the Dungeon.
             The game lasted 00:54:25 (7176 turns).

PrincessPwny the Spear-Bearer (Troll Berserker)     Turns: 7176, Time: 00:54:29

HP:   -3/154 (156)  AC:  8    Str: 34    XL:     11   Next: 14%
MP:   10/10         EV: 11    Int:  3    God:    Trog [*****.]
Gold: 696           SH:  0    Dex: 10    Spells: 0 memorised, 10 levels left

rFire  x . .     SeeInvis +       - Unarmed
rCold  + . .     Gourm    +     E - +1 troll leather armour
rNeg   + . .     Faith    .     (no shield)
rPois  +         Spirit   .     (helmet restricted)
rElec  .         Reflect  .     (no cloak)
rCorr  .         Harm     .     (gloves unavailable)
MR     ++...                    (boots unavailable)
Stlth  ..........               r - amulet of regeneration
                                d - ring of Waumenal {Ice *Slow rN+ MR++ SInv}
                                G - ring of poison resistance

@: berserking (expiring), lethally poisoned (-3 -> -3), slowed
A: unfitting armour, claws 3, fast metabolism 3, gourmand, regeneration 1,
shaggy fur 1, tough skin 2
a: Berserk, Trog's Hand, Brothers in Arms, Burn Spellbooks, Renounce Religion


You were on level 10 of the Dungeon.
You worshipped Trog.
Trog was extremely pleased with you.
You were very full.

You visited 1 branch of the dungeon, and saw 10 of its levels.
You also visited: Ossuary.

You collected 774 gold pieces.
You spent 78 gold pieces at shops.

Inventory:

Hand Weapons
 P - the +8 trident "Uluc" {flame, rC+ rN+++ Str+3 Stlth-}
   (You found it on level 8 of the Dungeon)

   It has been specially enchanted to burn those struck by it, causing extra
   injury to most foes and up to half again as much damage against particularly
   susceptible opponents.
   It affects your strength (+3).
   It protects you from cold.
   It renders you almost immune to negative energy.
   It makes you less stealthy.
Armour
 E - a +1 troll leather armour (worn)
Jewellery
 d - the ring of Waumenal (right claw) {Ice *Slow rN+ MR++ SInv}
   (You found it on level 9 of the Dungeon)

   [ring of ice]

   It enhances your ice magic.
   It makes you vulnerable to fire.
   It protects you from cold.
   It protects you from negative energy.
   It affects your resistance to hostile enchantments.
   It lets you see invisible.
   It may slow you when you take damage.
 h - an uncursed ring of flight
 r - an amulet of regeneration (around neck)
 G - a ring of poison resistance (left claw)
Wands
 J - a wand of flame (16/48)
 N - a wand of paralysis (13/24)
Scrolls
 o - 3 scrolls of teleportation
 v - a scroll of vulnerability {unknown}
 y - 2 scrolls of fear
 A - 6 scrolls of remove curse
 H - 3 scrolls of enchant weapon
 L - a scroll of recharging
 R - 4 scrolls of magic mapping
Potions
 c - a potion of haste
 e - a potion of cancellation
 f - 2 potions of invisibility {unknown}
 i - 3 potions of berserk rage
 k - 2 potions of might {unknown}
 m - 2 potions of lignification {unknown}
 p - 3 potions of curing {unknown}
 q - 3 potions of mutation {unknown}
 t - 3 potions of flight
 u - 2 potions of brilliance {unknown}
 x - 2 potions of cure mutation {unknown}
 z - a potion of resistance {unknown}
 B - a potion of degeneration {unknown}
 C - 2 potions of agility
 D - a potion of beneficial mutation {unknown}
 F - a potion of ambrosia {unknown}
 M - a potion of heal wounds {unknown}
Comestibles
 a - 11 chunks of flesh
 b - 8 bread rations
 g - 4 beef jerkies
 j - 2 royal jellies
 l - 5 fruits
 n - 6 meat rations
 s - 4 slices of pizza


   Skills:
 - Level 5.5 Fighting
 * Level 10.4 Polearms
 - Level 4.5 Dodging
 - Level 10.0 Unarmed Combat


You had 10 spell levels left.
You didn't know any spells.

Dungeon Overview and Level Annotations

Branches:
Dungeon (10/15)            Temple (0/1) D:4            Lair (0/6) D:10
    Orc: D:9-12

Altars:
Sif Muna
Trog

Shops:
D:4 :   D:5 [   D:8 :   D:10 ?


Innate Abilities, Weirdness & Mutations

You are too large for most types of armour.
You have claws for hands.
Your metabolism is lightning-fast.
You like to eat raw meat.
Your natural rate of healing is unusually fast.
You are covered in fur. (AC +1)
You have very tough skin. (AC +2)


Message History

* * * LOW HITPOINT WARNING * * *
You are more poisoned.
The killer bee poisons you! The killer bee stings you.
* * * LOW HITPOINT WARNING * * *
The queen bee calls on something to defend it!
You mangle the killer bee!!
You feel the power of Trog in you as your rage grows.
You kill the killer bee!
Trog accepts your kill.
You feel sick. The killer bee stings you.
* * * LOW HITPOINT WARNING * * *
The killer bee stings you but does no damage.
The killer bee closely misses you.
You miss the killer bee.
You feel sick.
The killer bee stings you but does no damage.
The killer bee stings you.
* * * LOW HITPOINT WARNING * * *
The killer bee closely misses you. x2; The killer bee completely misses you.
The killer bee stings you.
You die...

...###'#...............
#...#......#####..).
#...#......# ###).
#...#......# #.)
#...#......# #..
#####......# #..
..........## #..
#####...[.# #..
##y@y.....# #..
#.##yy##.....# #..
#..†.y.y.y...# #..
#....####....# ....
#..#.# ###...... .....
#..##% #...##.......
... # ##..# ...... ....
..# .... ..#


You could see a queen bee and 5 killer bees.

Vanquished Creatures
  A hydra (D:9)
  2 hill giants
  A troll (D:9)
  2 hippogriffs
  The ghost of AlphabetPasta the Covered, an amateur TeFi (D:3)
  11 yaks
  Edmund (D:5)
  2 sky beasts
  An ice beast (D:7)
  3 orc warriors
  A black bear (D:8)
  A necrophage (D:6)
  A phantom (D:8)
  A hornet zombie (D:3)
  5 centaurs
  4 ogres
  A crocodile (D:9)
  3 bullfrogs
  2 big kobolds
  8 scorpions
  9 killer bees
  A wight (D:7)
  A howler monkey (D:9)
  12 crimson imps
  A centaur zombie (D:8)
  A quasit (D:10)
  2 bullfrog zombies
  2 orc priests
  5 hounds
  2 jellies
  2 bullfrog skeletons (D:4)
  15 orc wizards
  An iguana (D:5)
  5 worker ants
  A killer bee zombie (D:8)
  A big kobold zombie (Ossuary)
  A hound skeleton (D:9)
  8 mummies (Ossuary)
  A howler monkey zombie (D:7)
  A howler monkey skeleton (D:8)
  10 adders
  A shadow imp (D:8)
  A worm (D:3)
  3 dart slugs
  4 leopard geckos
  46 orcs
  A ball python (D:5)
  3 bats
  3 giant cockroaches
  8 goblins
  10 hobgoblins
  8 jackals
  17 kobolds
  4 quokkas
  5 frilled lizards
  A giant cockroach zombie (D:5)
  A gnoll zombie (Ossuary)
  2 hobgoblin zombies (Ossuary)
  A jackal zombie (D:7)
  2 kobold zombies (Ossuary)
  A leopard gecko zombie (D:6)
  2 orc zombies (Ossuary)
  3 quokka skeletons
  A quokka zombie (D:5)
  7 rats
269 creatures vanquished.

Notes
Turn   | Place    | Note
-------+----------+-------------------------------------------
     0 | D:1      | PrincessPwny the Troll Berserker began the quest for the Orb.
     0 | D:1      | Reached XP level 1. HP: 22/22 MP: 0/0
    77 | D:1      | Reached XP level 2. HP: 27/29 MP: 1/1
   928 | D:2      | Reached XP level 3. HP: 36/36 MP: 2/2
  1285 | D:2      | Reached ** piety under Trog
  1709 | D:3      | Reached skill level 5 in Unarmed Combat
  1709 | D:3      | Reached XP level 4. HP: 44/44 MP: 3/3
  1750 | D:3      | Reached XP level 5. HP: 17/50 MP: 4/4
  2083 | D:3      | Noticed AlphabetPasta's ghost (amateur TeFi)
  2101 | D:3      | Killed AlphabetPasta's ghost
  2101 | D:3      | Reached XP level 6. HP: 59/59 MP: 5/5
  2409 | D:4      | Found Ociwij's Book Boutique.
  2647 | D:4      | Found a staircase to the Ecumenical Temple.
  2792 | D:5      | Entered Level 5 of the Dungeon
  2837 | D:5      | Found a sand-covered staircase.
  2852 | D:5      | Reached XP level 7. HP: 67/67 MP: 6/6
  2908 | Ossuary  | Entered an ossuary
  2931 | Ossuary  | Reached *** piety under Trog
  3225 | D:5      | Noticed Edmund
  3238 | D:5      | Killed Edmund
  3238 | D:5      | Reached XP level 8. HP: 78/78 MP: 7/7
  3458 | D:5      | Found Raxenish's Antique Armour Shoppe.
  3775 | D:6      | Reached **** piety under Trog
  3832 | D:6      | Found a bloodstained altar of Trog.
  4334 | D:6      | Reached skill level 10 in Unarmed Combat
  4366 | D:6      | Got an encrusted spear {pierce}
  4450 | D:6      | Identified the cursed +0 spear of the Neverending Beds {pierce, Str+4 SInv} (You took it off an orc on level 6 of the Dungeon)
  4522 | D:7      | Reached skill level 1 in Polearms
  4527 | D:7      | Reached XP level 9. HP: 84/84 MP: 8/8
  4765 | D:7      | Reached skill level 5 in Fighting
  4995 | D:8      | Found Yshifisch's Book Emporium.
  5037 | D:8      | Reached ***** piety under Trog
  5064 | D:8      | Found a deep blue altar of Sif Muna.
  5227 | D:8      | Got a fine trident
  5228 | D:8      | Identified the +8 trident "Uluc" {flame, rC+ rN+++ Str+3 Stlth-} (You found it on level 8 of the Dungeon)
  5374 | D:8      | Noticed a hill giant
  5383 | D:8      | Reached skill level 5 in Polearms
  5430 | D:8      | Killed a hill giant
  5639 | D:8      | Reached XP level 10. HP: 88/95 MP: 9/9
  6154 | D:9      | Noticed a seven-headed hydra
  6314 | D:9      | Killed a seven-headed hydra
  6524 | D:9      | Got a heavily runed turquoise ring
  6592 | D:9      | Identified the ring of Waumenal {Ice *Slow rN+ MR++ SInv} (You found it on level 9 of the Dungeon)
  6614 | D:10     | Entered Level 10 of the Dungeon
  6764 | D:10     | Found a staircase to the Lair.
  6783 | D:10     | Noticed a hill giant
  6790 | D:10     | Killed a hill giant
  6986 | D:10     | Reached skill level 10 in Polearms
  6989 | D:10     | Reached XP level 11. HP: 52/103 MP: 10/10
  7061 | D:10     | Found Vydun's Magic Scroll Shop.
  7072 | D:10     | Bought a scroll of teleportation for 39 gold pieces
  7072 | D:10     | Bought a scroll of teleportation for 39 gold pieces
  7174 | D:10     | HP: 7/154 [killer bee (2)]
  7176 | D:10     | HP: 2/154 [killer bee (2)]
  7176 | D:10     | Slain by a killer bee

Skill      XL: |  1  2  3  4  5  6  7  8  9 10 |
---------------+-------------------------------+-----
Unarmed Combat | 4 5 7 8 10 | 10.0
Fighting       | 3 4 5 |  5.5
Dodging        | 3 4 |  4.5
Polearms       | 1 6 10 | 10.4

Action                   |  1- 3 |  4- 6 |  7- 9 | 10-12 || total
-------------------------+-------+-------+-------+-------++-------
Melee: Unarmed           |   115 |    73 |   321 |   186 ||   695
       Punch             |     2 |     1 |    18 |    14 ||    35
       Trident           |       |       |       |    37 ||    37
Invok: Berserk           |       |     2 |     4 |     4 ||    10
       Burn Spellbooks   |       |       |       |     1 ||     1
  Use: Scroll            |     7 |     4 |     6 |     5 ||    22
 Stab: Sleeping          |     3 |       |       |       ||     3
  Eat: Chunk             |    16 |     8 |    37 |    18 ||    79
Armor: Animal skin       |    38 |    21 |    51 |    15 ||   125
       Troll leather arm |       |       |       |    69 ||    69
Dodge: Dodged            |    55 |    42 |   140 |   132 ||   369
